AoeStats
← Ryzeres

Four Lakes

509350259Analyzed
1v1 RM · 5d ago on Sep 26, 2026· 58m 12s· 2 players
Game mode
Random Map
Map size
Tiny (2 player)
Population
200
Speed
Normal
Resources
Standard
Victory
Conquest
Starting age
Dark Age
Ending age
Imperial Age
RankedLock teamsTeams togetherTeam positionsShared explorationLock speedFull tech treeHidden civsTurbo modeCheats
Victory
Defeat
🇩🇪 Varangians · Germany
1225
+19
🇷🇺 Armenians · Russia
1287
-19
Ryzeres
5:29 Loom
11:12 Feudal Age
16:28 Castle Age
14:43 Fletching
16:45 Double-Bit Axe
18:56 Fishing Lines
19:13 Fishing Lines
19:58 Gillnets
21:11 Town Watch
21:23 Horse Collar
23:00 Bodkin Arrow
22:36 Crossbowman
24:08 Scale Barding Armor
26:22 Forging
27:52 Wheelbarrow
27:32 Bloodlines
27:22 Husbandry
28:02 Iron Casting
32:54 Light Cavalry
35:24 Chain Barding Armor
41:24 Imperial Age
41:09 Masonry
41:19 Ballistics
41:26 Elite Jarl
42:32 Conscription
42:50 Plate Barding Armor
42:16 Hussar
44:55 Blast Furnace
46:07 Architecture
50:54 Heavy Plow
52:14 Hand Cart
53:25 Bow Saw
53:46 Crop Rotation
56:24 Bracer
58:22 Two-Man Saw
Hermann
8:59 Loom
10:45 Feudal Age
11:25 Man-at-Arms
12:59 Long Swordsman
14:10 Double-Bit Axe
14:10 Horse Collar
19:43 Castle Age
18:06 Scale Mail Armor
20:55 Wheelbarrow
19:49 Two-Handed Swordsman
20:33 Squires
20:46 Forging
22:01 Gambesons
22:44 Bow Saw
25:25 Hand Cart
27:49 Chain Mail Armor
28:59 Fishing Lines
30:10 Fletching
30:28 Gold Mining
30:29 Stone Mining
31:59 Bodkin Arrow
32:40 Padded Archer Armor
34:15 Ballistics
34:35 Leather Archer Armor
37:52 Imperial Age
36:55 Iron Casting
38:43 Bracer
39:14 Ring Archer Armor
39:47 Chemistry
38:43 Elite Composite Bowman
39:12 Town Watch
40:21 Gillnets
42:28 Masonry
44:18 Block Printing
44:32 Illumination
49:07 Pikeman
50:33 Halberdier
Connection lost

Rejoining the realm…

Still unreachable

The connection could not be restored.

Session expired

The server has moved on; the page needs a fresh start.